 Dungeon Crawl Stone Soup version 0.22.1-7-g5c428e77e6 (webtiles) character file.

200 highc0 the Gusty (level 5, 0/28 HPs)
             Began as a Tengu Air Elementalist on Mar 8, 2019.
             Succumbed to an adder's poison
             ... in a sewer.
             The game lasted 00:13:22 (5373 turns).

highc0 the Gusty (Tengu Air Elementalist)           Turns: 5373, Time: 00:13:23

Health: 0/28       AC:  2    Str:  9    XL:     5   Next: 79%
Magic:  1/10       EV: 12    Int: 16    God:
Gold:   64         SH:  0    Dex: 14    Spells: 3/9 levels left

rFire    . . .     SeeInvis .   m - +1 dagger (vamp)
rCold    . . .     Gourm    .   (no shield)
rNeg     . . .     Faith    .   a - +0 robe
rPois    .         Spirit   .   (helmet restricted)
rElec    .         Reflect  .   (no cloak)
rCorr    .         Harm     .   (no gloves)
MR       .....                  (boots unavailable)
Stlth    +.........             (no amulet)
HPRegen  0.09/turn              (no ring)
MPRegen  0.12/turn              (no ring)

@: lethally poisoned (0 -> -4), very slightly contaminated, very slow
A: beak, talons 3, able to fly 1
a: Fly


You were in a sewer.
You were hungry.

You visited 1 branch of the dungeon, and saw 3 of its levels.
You also visited: Sewer.

You collected 64 gold pieces.

Inventory:

Hand Weapons
 h - a +0 hunting sling
 m - a +1 vampiric dagger (weapon)
Missiles
 b - 59 stones (quivered)
Armour
 a - a +0 robe (worn)
Scrolls
 e - a scroll of remove curse {unknown}
Comestibles
 c - 2 rations


   Skills:
 - Level 2.1 Dodging
 - Level 2.0 Stealth
 + Level 2.9 Spellcasting
 * Level 4.6 Conjurations
 * Level 6.0 Air Magic


You had 3 spell levels left.
You knew the following spells:

 Your Spells              Type           Power        Failure   Level  Hunger
a - Shock                 Conj/Air       ###.         1%          1    #......
b - Swiftness             Chrm/Air       ##......     9%          2    ##.....
c - Static Discharge      Conj/Air       ###.....     6%          3    ###....

Your spell library contained the following spells:

 Spells                   Type           Power        Failure   Level  Hunger
 Airstrike                Air            ###.......   16%         4    #####..
 Lightning Bolt           Conj/Air       ###.......   50%         5    ######.


Dungeon Overview and Level Annotations

Branches:
Dungeon (3/15)

Altars:


Innate Abilities, Weirdness & Mutations

You have a beak for a mouth.
You have claws for feet.
You can fly.


Message History

Okay, then.
You aren't carrying any potions.
You aren't carrying any potions.
You aren't carrying any potions.
Okay, then.
Unknown command.
Your unstable footing causes you to fumble your attack.
The adder misses you. The giant cockroach misses you.
You hit the giant cockroach.
The giant cockroach is almost dead.
You are feeling hungry.
* * * LOW HITPOINT WARNING * * *
You feel sick. The adder closely misses you. The giant cockroach misses you.
The adder bites you but does no damage.
You barely miss the giant cockroach. You claw the giant cockroach.
You kill the giant cockroach!
The adder closely misses you.
You hit the adder but do no damage. Your peck misses the adder.
The adder is heavily wounded.
You die...

##≈.##†≈≈.≈†≈.≈##≈.##
#≈≈≈≈≈≈≈≈≈≈≈.≈.≈#≈≈≈#
#≈≈≈≈≈#######≈≈≈##≈≈#
#######≈###≈≈≈.≈##≈≈≈#÷≈#
#≈≈≈≈≈###..≈≈≈.≈≈##≈≈#≈≈≈
#.≈≈≈.#.≈.≈S≈≈.≈≈≈#≈≈##≈÷
#...≈.#..##≈.S$s.≈##≈≈#..
#≈≈#≈≈#†S#,,S)?..≈≈#≈≈#≈≈
#≈÷#.≈#≈@#≈≈≈≈.!.≈≈#≈≈#≈≈
#≈÷#≈##≈≈#≈≈≈,.$.≈≈#≈≈#≈≈
#≈≈#≈#..≈#≈≈≈≈≈..≈≈#≈≈#≈.
#≈≈#≈#∩≈≈#≈≈≈,≈≈≈≈≈#≈≈#≈≈
#.≈#≈#≈≈≈##≈≈,≈≈≈≈##≈≈#≈≈
#.≈#÷###≈†#≈≈≈≈≈≈≈#.≈##≈≈
#.≈#≈≈≈#≈≈##≈≈≈≈≈##≈.#≈≈.
##.##≈≈#≈≈≈##≈≈≈##≈≈≈#.≈#
#.≈#≈.##...#####≈≈.##≈≈#


You could see an adder.

Vanquished Creatures
  3 adders
  12 oozes (Sewer)
  3 worms (D:2)
  A dart slug (D:1)
  9 leopard geckos
  18 ball pythons (Sewer)
  9 giant cockroaches
  7 goblins
  9 hobgoblins
  4 jackals (D:2)
  4 bats
  17 frilled lizards
  5 kobolds
  5 rats
106 creatures vanquished.

Notes
Turn   | Place    | Note
-------+----------+-------------------------------------------
     0 | D:1      | highc0 the Tengu Air Elementalist began the quest for the
                  | Orb.
     0 | D:1      | Reached XP level 1. HP: 10/10 MP: 4/4
   588 | D:1      | Reached XP level 2. HP: 15/15 MP: 6/6
   794 | D:1      | Learned a level 2 spell: Swiftness
  1307 | D:2      | Reached XP level 3. HP: 16/19 MP: 4/7
  1861 | D:2      | Learned a level 3 spell: Static Discharge
  2469 | D:2      | Reached skill level 5 in Air Magic
  2723 | D:2      | Reached XP level 4. HP: 15/24 MP: 1/8
  3384 | D:3      | Found a glowing drain.
  3393 | Sewer    | Entered a sewer
  4148 | Sewer    | Gained mutation: You can fly. [Tengu growth]
  4148 | Sewer    | Reached XP level 5. HP: 15/28 MP: 2/10
  5185 | Sewer    | HP: 1/28 [poisoned by an adder]
  5187 | Sewer    | Reached skill level 6 in Air Magic
  5371 | Sewer    | HP: 1/28 [poisoned by an adder]
  5373 | Sewer    | Succumbed to an adder's poison

Skill      XL: |  1  2  3  4  5 |
---------------+----------------+-----
Conjurations   | 2 3 4 |  4.6
Air Magic      | 5 6 |  6.0
Dodging        | |  2.1
Stealth        | |  2.0
Spellcasting   | |  2.9

Action                   |  1- 3 |  4- 6 || total
-------------------------+-------+-------++-------
Melee: Unarmed           |     2 |       ||     2
       Dagger            |     3 |   145 ||   148
       Kick              |     1 |    23 ||    24
       Peck              |       |    10 ||    10
 Fire: Hunting sling     |    26 |       ||    26
Throw: Stone             |     6 |    11 ||    17
 Cast: Shock             |    55 |    42 ||    97
       Static Discharge  |       |    12 ||    12
 Abil: Fly               |       |     1 ||     1
  Use: Potion            |       |     2 ||     2
       Scroll            |       |     1 ||     1
 Stab: Sleeping          |       |     1 ||     1
  Eat: Chunk             |     4 |    10 ||    14
       Ration            |     2 |       ||     2
Armor: Robe              |    16 |    40 ||    56
Dodge: Dodged            |    32 |   166 ||   198
